 Dungeon Crawl Stone Soup version 0.27-a0-911-gfacc31910f (webtiles) character file.

Game seed: 13199612459566833716

524 knvbkl the Digger (level 7, 0/36 HPs)
             Began as a Gargoyle Earth Elementalist on Apr 9, 2021.
             Slain by a gnoll sergeant
             ... wielding a +0 vorpal trident
              (10 damage)
             ... on level 5 of the Dungeon.
             The game lasted 00:08:38 (3224 turns).

knvbkl the Digger (Gargoyle Earth Elementalist)     Turns: 3224, Time: 00:08:39

Health: 0/36       AC:  9    Str: 12    XL:     7   Next: 22%
Magic:  13/22      EV:  6    Int: 21    God:
Gold:   107        SH:  0    Dex: 10    Spells: 5/14 levels left

rFire    . . .     SeeInvis .   r - +9 mace of Mayhem {flame, Int+4}
rCold    . . .     Faith    .   (no shield)
rNeg     + . .     Spirit   .   c - +0 robe
rPois    ∞         Reflect  .   s - +0 helmet
rElec    +         Harm     .   q - +1 cloak of Fun and Games {Slay+3}
rCorr    +         Rampage  .   (no gloves)
Will     .....                  (no boots)
Stlth    ++........             a - amulet of regeneration
HPRegen  1.12/turn              e - ring of resist corrosion
MPRegen  0.18/turn              i - ring of magical power

@: held
A: AC +4, negative energy resistance 1, electricity resistance, torment
resistance 1, unbreathing 1, petrification resistance
a: no special abilities


You were on level 5 of the Dungeon.
You visited 1 branch of the dungeon, and saw 5 of its levels.

You collected 107 gold pieces.

Inventory:

Hand Weapons
 d - a +0 flail
 k - a +4 quarterstaff of chaos
 p - a +2 mace of protection
 r - the +9 mace of Mayhem (weapon) {flame, Int+4}
   (You found it on level 4 of the Dungeon)

   It has been specially enchanted to burn those struck by it, causing extra
   injury to most foes and up to half again as much damage against particularly
   susceptible opponents.
   It affects your intelligence (+4).
Missiles
 b - 227 stones
 n - 2 throwing nets
Armour
 c - a +0 robe (worn)
 j - a +1 cloak of preservation
 q - the +1 cloak of Fun and Games (worn) {Slay+3}
   (You found it on level 4 of the Dungeon)

   It affects your accuracy and damage with ranged weapons and melee attacks
   (+3).
 s - a +0 helmet (worn)
Jewellery
 a - an amulet of regeneration (around neck)
 e - a ring of resist corrosion (left hand)
 i - a ring of magical power (right hand)
Scrolls
 l - 2 scrolls of identify
Potions
 g - a potion of attraction
 h - a potion of might
 m - a potion of flight
 o - a potion of berserk rage {unknown}


   Skills:
 - Level 1.5 Dodging
 - Level 2.1 Stealth
 + Level 4.4 Spellcasting
 + Level 4.1 Conjurations
 - Level 0.7 Transmutations
 + Level 6.4 Earth Magic


You had 5 spell levels left.
You knew the following spells:

 Your Spells              Type           Power      Damage    Failure   Level
a - Sandblast             Erth           62%        2d14      1%          1
b - Stone Arrow           Conj/Erth      52%        3d10      4%          3
c - Lee's Rapid Deconstr  Erth           15%        3d11*     22%         5

Your spell library contained the following spells:

 Spells                   Type           Power      Damage    Failure   Level
 Passwall                 Tmut/Erth      15%        N/A       4%          2
 Animate Skeleton         Necr           8%         N/A       12%         1
 Apportation              Tloc           8%         N/A       12%         1
 Corona                   Hex            4%         N/A       12%         1
 Summon Small Mammal      Summ           16%        N/A       12%         1
 Petrify                  Tmut/Erth      19%        N/A       26%         4


Dungeon Overview and Level Annotations

Branches:
Dungeon (5/15)
 Temple: D:4-7

Altars:
Gozag
Sif Muna

Shops:
D:2 *   D:3 (

Annotations:
D:4 2 transporters


Innate Abilities, Weirdness & Mutations

Your stone body is resilient. (AC +4)
You are immune to poison.
You resist negative energy. (rN+)
You are resistant to electric shocks. (rElec)
You are resistant to unholy torment.
You can survive without breathing.
You are immune to petrification.


Message History

The gnoll sergeant hits you from afar with a +0 vorpal trident.
Casting: Sandblast (safe; 1% risk of failure)
Confirm with . or Enter, or press ? or * to list all spells.
Aiming: Sandblast (safe; 1% risk of failure)
Press: ? - help, Shift-Dir - straight line, f/p - gnoll sergeant
Aim: a gnoll sergeant, wielding a +0 vorpal trident and wearing a +0 ring mail (moderately wounded, 13% to evade)
The blast of sand hits the gnoll sergeant!
The gnoll sergeant is severely wounded.
The gnoll sergeant hits you from afar with a +0 vorpal trident.
Casting: Sandblast (safe; 1% risk of failure)
Confirm with . or Enter, or press ? or * to list all spells.
Aiming: Sandblast (safe; 1% risk of failure)
Press: ? - help, Shift-Dir - straight line, f/p - gnoll sergeant
Aim: a gnoll sergeant, wielding a +0 vorpal trident and wearing a +0 ring mail (severely wounded, 13% to evade)
The blast of sand hits the gnoll sergeant but does no damage.
The gnoll sergeant is severely wounded.
The gnoll sergeant hits you from afar with a +0 vorpal trident!
The gnoll hits you with a +0 flail!
* * * LOW HITPOINT WARNING * * *
Casting: Sandblast (safe; 1% risk of failure)
Confirm with . or Enter, or press ? or * to list all spells.
Aiming: Sandblast (safe; 1% risk of failure)
Press: ? - help, Shift-Dir - straight line, f/p - gnoll sergeant
Aim: a gnoll sergeant, wielding a +0 vorpal trident and wearing a +0 ring mail (severely wounded, 13% to evade)
The blast of sand hits the gnoll sergeant but does no damage.
The gnoll sergeant is severely wounded.
The gnoll sergeant hits you from afar with a +0 vorpal trident.
* * * LOW HITPOINT WARNING * * *
x2 You feel better.
The gnoll sergeant hits you from afar with a +0 vorpal trident!
* * * LOW HITPOINT WARNING * * *
x2 The gnoll hits you with a +0 flail.
* * * LOW HITPOINT WARNING * * *
The gnoll hits you but does no damage.
Unknown command.
Okay, then.
Unknown command.
You feel better.
The gnoll sergeant hits you from afar with a +0 vorpal trident!
You die...

.# ##.
... #..
#g# #g#
#.# #@#
#..)gg?[#
####.####
#.# >..
#.# #.#
#..


You could see a gnoll sergeant and 3 gnolls.

Vanquished Creatures
  A black bear (D:4)
  An ogre (D:5)
  A hound (D:4)
  Crazy Yiuf (D:2)
  An orc wizard (D:4)
  Robin (D:4)
  5 gnolls
  9 adders
  An adder skeleton (D:4)
  A worm (D:3)
  5 dart slugs
  5 orcs
  7 ball pythons
  2 bats
  5 endoplasms
  4 giant cockroaches
  23 goblins
  9 hobgoblins
  6 jackals
  5 quokkas
  5 frilled lizards
  6 kobolds
  4 rats
108 creatures vanquished.

Notes
Turn   | Place    | Note
-------+----------+-------------------------------------------
     0 | D:1      | knvbkl the Gargoyle Earth Elementalist began the quest for
                  | the Orb.
     0 | D:1      | Reached XP level 1. HP: 10/10 MP: 3/3
   130 | D:1      | Reached XP level 2. HP: 15/15 MP: 3/5
   132 | D:1      | Reached skill level 4 in Earth Magic
   415 | D:1      | You fall into a shaft and drop 1 floor!
   502 | D:1      | Reached XP level 3. HP: 19/19 MP: 6/6
   576 | D:1      | Learned a level 3 spell: Stone Arrow
   585 | D:1      | Found a faded altar of an unknown god.
   880 | D:2      | Found a runed translucent door.
   881 | D:2      | Noticed Crazy Yiuf
   887 | D:2      | Killed Crazy Yiuf
   888 | D:2      | Reached skill level 1 in Conjurations
   888 | D:2      | Reached XP level 4. HP: 24/24 MP: 4/8
  1115 | D:2      | Reached skill level 5 in Earth Magic
  1169 | D:2      | Reached XP level 5. HP: 28/28 MP: 7/9
  1364 | D:2      | Found Unluuc's General Store.
  1592 | D:2      | Learned a level 5 spell: Lee's Rapid Deconstruction
  1935 | D:3      | Found Guusm's Weapon Shoppe.
  2333 | D:4      | Identified the +1 cloak of Fun and Games {Slay+3}
  2414 | D:4      | Found a transporter.
  2420 | D:4      | Noticed a steam dragon
  2423 | D:4      | Found a transporter.
  2424 | D:4      | Noticed a troll
  2424 | D:4      | Noticed an orc warrior
  2435 | D:4      | Reached XP level 6. HP: 30/32 MP: 11/11
  2438 | D:4      | Found an opulent altar of Gozag.
  2556 | D:4      | Found a shimmering blue altar of Sif Muna.
  2678 | D:4      | Identified the +9 mace of Mayhem {flame, Int+4}
  2915 | D:4      | Noticed Robin
  2915 | D:4      | Noticed a black bear
  2979 | D:4      | Killed a black bear
  2980 | D:4      | Reached skill level 6 in Earth Magic
  2980 | D:4      | Killed Robin
  3212 | D:5      | Entered Level 5 of the Dungeon
  3215 | D:5      | Reached XP level 7. HP: 36/36 MP: 13/13
  3223 | D:5      | HP: 1/36 [gnoll/+0 flail (3)]
  3224 | D:5      | Slain by a gnoll sergeant

Illustrated notes

Levels and vault maps discovered:
D:1:      saegor_arrival_simple_e, layout_rooms,
          shapermc_ecumenical_altar_mp_urbaneastern
D:2:      layout_loops_ring, serial_shops, shop, uniq_crazy_yiuf_cottage
D:3:      layout_rooms, serial_shops, shop_fountains,
          hangedman_decor_clover_reticule, kennysheep_path_1,
          kennysheep_generic_room_10
D:4:      kennysheep_goblin_castle, layout_cave_pools,
          kennysheep_orc_sif_temple, gammafunk_temple_overflow_arena,
          serial_column_ruins, column_ruins_grid_1, column_ruins_grid_1,
          column_ruins_open_medium, column_ruins_columns_straight,
          column_ruins_open_tiny
D:5:      layout_loops_cross, minmay_temple_entry_offerings

Skill      XL: |  1  2  3  4  5  6 |
---------------+-------------------+-----
Earth Magic    | 4 5 6 |  6.4
Conjurations   | 1 2 4 |  4.1
Spellcasting   | 3 4 |  4.4
Dodging        | |  1.5
Stealth        | |  2.1
Transmutations | |  0.7

Action                   |  1- 3 |  4- 6 |  7- 9 || total
-------------------------+-------+-------+-------++-------
Melee: Unarmed           |    10 |       |       ||    10
       Dagger            |   105 |    61 |       ||   166
       Mace              |       |   168 |       ||   168
 Cast: Sandblast         |    15 |    27 |     8 ||    50
       Stone Arrow       |       |     4 |       ||     4
  Use: Scroll            |       |    10 |       ||    10
       Potion            |       |       |     2 ||     2
 Stab: Sleeping          |     2 |     2 |       ||     4
Armor: Robe              |    33 |   127 |     1 ||   161
Dodge: Dodged            |    76 |   163 |       ||   239

Table legend: (Time is in decaauts)
 A = Elapsed time spent in this place.
 B = Non-inter-level travel time spent in this place.
 C = Inter-level travel time spent in this place.
 D = Time resting spent in this place.
 E = Time spent auto-exploring this place.
 F = Levels seen in this place.
 G = Mean time per level.
                   A        B        C        D        E       F      G
               +--------+--------+--------+--------+--------+-----+--------+
         Total |   3293 |   3108 |    185 |     34 |   2118 |   5 |  658.6 |
       Dungeon |   3293 |   3108 |    185 |     34 |   2118 |   5 |  658.6 |
               +--------+--------+--------+--------+--------+-----+--------+

Top non-repeatable levels by time:
     D:4: 943 daAuts
     D:2: 907 daAuts
     D:3: 722 daAuts
     D:1: 708 daAuts
     D:5: 11 daAuts
